 Dungeon Crawl Stone Soup version 0.29.1-12-g30fa7ad0bf (webtiles) character file.

Game seed: 12866213753840460749

375 ProLineLover the Slasher (level 6, -4/56 HPs)
             Began as a Minotaur Berserker on Jan 1, 2023.
             Was a Believer of Trog.
             Killed from afar by a white imp (5 damage)
             ... with a puff of frost
             ... on level 5 of the Dungeon.
             The game lasted 00:04:57 (1785 turns).

ProLineLover the Slasher (Minotaur Berserker)       Turns: 1785, Time: 00:04:58

Health: -4/56      AC:  6    Str: 22    XL:     6   Next: 44%
Magic:  5/5        EV: 11    Int: 12    God:    Trog [**....]
Gold:   59         SH:  3    Dex:  9    Spells: 5/5 levels left

rFire   . . .      SeeInvis .   a - +0 falchion
rCold   . . .      Faith    .   e - +0 buckler
rNeg    . . .      Spirit   .   h - +1 ring mail {Will+}
rPois   .          Reflect  .   (helmet restricted)
rElec   .          Harm     .   (no cloak)
rCorr   .          Rampage  .   (no gloves)
Will    +....                   (no boots)
Stlth   +.........              (no amulet)
HPRegen 0.18/turn               g - +6 ring of intelligence
MPRegen 0.09/turn               (no ring)

@: on berserk cooldown, slowed, very slow
A: horns 2, retaliatory headbutt
a: Renounce Religion, Berserk, Trog's Hand


You were on level 5 of the Dungeon.
You worshipped Trog.
Trog was pleased with you.
You visited 1 branch of the dungeon, and saw 5 of its levels.

You collected 59 gold pieces.

Inventory:

Hand Weapons
 a - a +0 falchion (weapon)
Missiles
 f - 2 poisoned darts (quivered)
Armour
 b - a +0 animal skin
 c - a +0 scale mail
 e - a +0 buckler (worn)
 h - a +1 ring mail of willpower (worn)
Jewellery
 g - a +6 ring of intelligence (left hand)


   Skills:
 * Level 5.2 Fighting
 * Level 1.8(3.7) Short Blades
 * Level 5.5(5.7) Long Blades
 * Level 0.9 Throwing
 * Level 3.2 Armour
 * Level 3.3 Dodging
 * Level 1.3 Stealth
 * Level 1.6 Shields


You had 5 spell levels left.
You didn't know any spells.
Your spell library was empty.

Dungeon Overview and Level Annotations

Branches:
Dungeon (5/15)             Temple (0/1) D:5

Altars:


Innate Abilities, Weirdness & Mutations

You have a pair of horns on your head.
You reflexively headbutt those who attack you in melee.


Message History

f - a poisoned dart A white imp comes into view.
The white imp shouts!
You block the white imp's attack. The white imp gestures at you.
The puff of frost hits you.
You see here a poisoned dart.
The white imp gestures at you. The puff of frost misses you.
The white imp gestures at you. The puff of frost hits you!
* * * LOW HITPOINT WARNING * * *
You see here a poisoned dart.
f - 2 poisoned darts (gained 1)
The white imp hits you but does no damage.
The white imp barely misses you.
You hit the white imp but do no damage. The white imp gestures at you.
The puff of frost misses you.
You closely miss the white imp. The white imp gestures at you.
The puff of frost hits you!
* * * LOW HITPOINT WARNING * * *
The white imp hits you but does no damage.
You closely miss the white imp. The white imp closely misses you.
You closely miss the white imp. The white imp barely misses you.
You furiously retaliate!
You headbutt the white imp, but do no damage.
The white imp hits you but does no damage.
You hit the white imp.
The white imp is moderately wounded.
The white imp gestures at you. The puff of frost hits you!
* * * LOW HITPOINT WARNING * * *
You hit the white imp.
The white imp is severely wounded.
The white imp disappears for a moment.
The white imp gestures at you. The puff of frost hits you.
You die...

# *,*,**,#..,*##..******###,#.##
####,*,**,...,,...,,<,,,,,..###.#
#..,,*,****..,*#..,#*******#.#..#
#.#***,****#.###...# *#.#.# #.#
#...,,,,.....#.* #.#.# ..#
#>.#****#.##..,* #.#.# ..# #..#
#.##.#,* #.#.# ..# #..#
####)##.#,* #.#.# ..#
#..###.....5@#.# #.#.#
..###..............# #.#..
#..........†..###### #######.###
......>.....### #.......#
#####....[..# #.#######
######.####.# #.# ............#
#.# ####.######.# #.# # #.# #.#
#.#


You could see a white imp.

Vanquished Creatures
  An ogre (D:5)
  A bullfrog (D:5)
  4 hounds
  A jelly (D:4)
  3 gnolls (D:3)
  2 adders (D:2)
  2 dart slugs (D:1)
  4 orcs
  2 endoplasms
  A goblin (D:1)
  A hobgoblin (D:1)
  2 quokkas
  2 bats
  3 frilled lizards
  A kobold (D:4)
  A rat (D:3)
31 creatures vanquished.

Notes
Turn   | Place    | Note
-------+----------+-------------------------------------------
     0 | D:1      | ProLineLover the Minotaur Berserker began the quest for the
                  | Orb.
     0 | D:1      | Reached XP level 1. HP: 19/19 MP: 0/0
   331 | D:1      | Reached XP level 2. HP: 24/27 MP: 1/1
   391 | D:2      | Found a faded altar of an unknown god.
   429 | D:2      | Reached XP level 3. HP: 21/33 MP: 2/2
   642 | D:3      | Reached XP level 4. HP: 16/41 MP: 3/3
   885 | D:4      | Reached skill level 1 in Short Blades
   978 | D:4      | Reached ** piety under Trog
   979 | D:4      | Reached skill level 1 in Stealth
   994 | D:4      | HP: 2/61 [hound (3)]
   996 | D:4      | Reached skill level 1 in Shields
   996 | D:4      | Reached XP level 5. HP: 3/47 MP: 4/4
  1131 | D:4      | Reached skill level 5 in Long Blades
  1430 | D:5      | Entered Level 5 of the Dungeon
  1505 | D:5      | Found a staircase to the Ecumenical Temple.
  1531 | D:5      | Reached skill level 5 in Fighting
  1751 | D:5      | Noticed an ogre
  1761 | D:5      | Reached XP level 6. HP: 27/56 MP: 5/5
  1784 | D:5      | HP: 1/56 [white imp/puff of frost (8)]
  1785 | D:5      | Killed from afar by a white imp

Illustrated notes

Levels and vault maps discovered:
D:1:      heliophobic_arrival_glass_houses, layout_basic
D:2:      layout_rooms, shapermc_ecumenical_altar_hornbeckon
D:3:      layout_loops_ring, minmay_goblin_kobold_house
D:4:      layout_loops_cross, nemelex_dance_club_becter,
          minmay_misc_feat_diagonals, nicolae_figureground_sparkle,
          uniq_natasha, uniq_grinder
D:5:      layout_loops_ring, minmay_temple_entry_offerings

Skill      XL: |  1  2  3  4  5 |
---------------+----------------+-----
Fighting       | 4 5 |  5.2
Long Blades    | 4 5 |  5.5
Short Blades   | 1 |  1.8
Stealth        | 1 |  1.3
Shields        | 1 |  1.6
Armour         | 3 |  3.2
Dodging        | 3 |  3.3
Throwing       | |  0.9

Action                   |  1- 3 |  4- 6 || total
-------------------------+-------+-------++-------
Melee: Falchion          |    38 |    73 ||   111
       Headbutt          |     9 |     6 ||    15
Throw: Dart              |       |     5 ||     5
Invok: Berserk           |     1 |     1 ||     2
  Use: Potion            |       |     1 ||     1
       Scroll            |       |     1 ||     1
Armor: Animal skin       |     3 |     6 ||     9
       Scale mail        |       |    14 ||    14
       Ring mail         |       |     7 ||     7
Dodge: Dodged            |    23 |    44 ||    67
Block: Buckler           |     1 |     9 ||    10
